Workbook

Sheet Informations
A1: Informations séjour à remplir
N3: sélection en-tête
A4: en tête | B4: Madame | D4: nom du client | E4: BANC noir | N4: Madame
N5: Monsieur
A7: Nom entrepreprise | B7: SOSO | D7: n°facture | E7: 12025 | N7: =TODAY() -> 44308
A8: adresse | B8: RUE du saucisson sec et pas que
A9: zip | B9: 1205 | D9: Nbr de pax | E9: 1
A10: ville | B10: GENEVE
A11: Pays | B11: SUISSE | D11: chambre | E11: 203
A14: arrivée | B14: 44253 | N14: Sélection paiement
D15: =B16-B14 -> 3 | N15: Mastercard
A16: départ | B16: 44256 | N16: Visa
N17: Amex
A18: PRIX HEBERGEMENT | B18: 155 | D18: TAXE DE SEJOUR | E18: 3.75 | N18: Maestro
N19: Post card
A20: PAIEMENT | B20: Mastercard | D20: SOMME | E20: 0 | N20: Cash
N21: /

Sheet facturation
A1: Nom | B1: Prix | C1: Quantité
A3: Petit-déjeuner continental | B3: 18 | C3: 1
A4: Petit-déjeuner express | B4: 12 | C4: 0
A5: / | B5: 0 | C5: 0
A13: Nom | B13: Prix | C13: Quantité | G13: Nom | H13: Prix | I13: Quantité
A15: Supplément 2ème personnes | B15: 20 | C15: 1 | G15: Croissant | H15: 1.5 | I15: 1
A16: Supplément 3ème personnes | B16: 50 | C16: 1 | G16: Pain au chocolat | H16: 0.75 | I16: 1
A17: chien | B17: 20 | C17: 1 | G17: café | H17: 4 | I17: 1
A18: chat | B18: 20 | C18: 1 | G18: renversé | H18: 4.4 | I18: 1
A19: remise état cigarette | B19: 200 | C19: 1 | G19: cappucino | H19: 4.4 | I19: 1
A20: upsell | B20: 0 | C20: 1 | G20: chocolat chaud | H20: 4.4 | I20: 1
A21: blanchisserie | B21: 0 | C21: 1 | G21: thé | H21: 4 | I21: 1
A22: Parapluie | B22: 30 | C22: 1 | G22: bière pression | H22: 5 | I22: 1
A23: Adaptateur | B23: 20 | C23: 1 | G23: bière bt chouffe | H23: 6.8 | I23: 1
A24: Divers | B24: 0 | C24: 1 | G24: bière bt leffe | H24: 7 | I24: 1
A25: Photocopie | B25: 0.1 | C25: 1 | G25: verre vin blanc | H25: 5 | I25: 1
A26: Location vélo journée | B26: 18 | C26: 1 | G26: verre vin rouge | H26: 5 | I26: 1
... A28: / | B28: 0 | C28: 0 | G28: autre | H28: 0 | I28: 1
G29: / | H29: 0 | I29: 0

Sheet Facture individuelle
F3: =Informations!B4 -> Madame
F4: =Informations!E4 -> BANC noir
A6: FACTURE | F6: =Informations!B7 -> SOSO
F7: =Informations!B8 -> RUE du saucisson sec et pas que
F8: =Informations!B9&" "&Informations!B10 -> 1205 GENEVE
A9: ="Nom : "&Informations!E4 -> Nom : BANC noir | F9: =Informations!B11 -> SUISSE
A11: ="Chambre : "&Informations!E11 -> Chambre : 203
A13: ="Arrivée : "&TEXT(Informations!B14,"jj.mm.aaaa") -> Arrivée : 26.02.2021
A14: ="Départ : "&TEXT(Informations!B16,"jj.mm.aaaa") -> Départ : 01.03.2021
E15: Facture N° | F15: =Informations!E7 -> 12025
A16: ="Personnes : "&Informations!E9 -> Personnes : 1
A19: ="Genève le, "&TEXT(Informations!N7,"jj mmmm aaaa") -> Genève le, 22 avril 2021
A21: Date | C21: Prestations | D21: Quantité | E21: Prix | F21: Total
A22: ="Du "&TEXT(Informations!B14,"jj.mm")&" au "&TEXT(Informations!B16,"jj.mm.aaaa") -> Du 26.02 au 01.03.2021 | C22: Hébergement | D22: =Informations!D15 -> 3 | E22: =Informations!B18 -> 155 | F22: =E22*D22 -> 465
C23: Taxe de Séjour | D23: =Informations!D15 -> 3 | E23: =IF(Informations!E9=1,Informations!E18,(Informations!E18*Informations!E9)) -> 3.75 | F23: =E23*D23 -> 11.25
C24: / | D24: =VLOOKUP(C24,facturation!A3:C5,3,FALSE) -> 0 | E24: =VLOOKUP(C24,facturation!A3:C5,2,FALSE) -> 0 | F24: =E24*D24 -> 0
C25: / | D25: =VLOOKUP(C25,facturation!A15:C28,3,FALSE) -> 0 | E25: =VLOOKUP(C25,facturation!A15:C28,2,FALSE) -> 0 | F25: =E25*D25 -> 0
C26: / | D26: =VLOOKUP(C26,facturation!G15:I29,3,FALSE) -> 0 | E26: =VLOOKUP(C26,facturation!G15:I29,2,FALSE) -> 0 | F26: =E26*D26 -> 0
C30: Paiement | D30: =Informations!B20 -> Mastercard | F30: =Informations!E20 -> 0
D32: Solde de la facture | F32: =SUM(F22:F28)-F30 -> 476.25
D40: TVA n° CH-132.620.093
D41: Montant H.T. | E41: T.V.A. | F41: Montant T.T.C.
C42: TVA 7.70% | D42: =F42/1.077 -> 0 | E42: =F42-D42 -> 0 | F42: =F25+F26 -> 0
C43: TVA 3.70% | D43: =F43/1.037 -> 448.40887 | E43: =F43-D43 -> 16.591128 | F43: =F22+F24 -> 465
C44: Taxe de séjour | D44: =F44 -> 11.25 | E44: =F44-D44 -> 0 | F44: =F23 -> 11.25
C45: Total | D45: =SUM(D42:D44) -> 459.65887 | E45: =F45-D45 -> 16.591128 | F45: =SUM(F42:F44) -> 476.25
